 Dungeon Crawl Stone Soup version 0.29-a0-1027-gcd8c55af63 (webtiles) character file.

Game seed: 2785889305190161111

39 DungeonMaster the Trooper (level 3, -7/33 HPs)
             Began as a Demonspawn Wanderer on Aug 12, 2022.
             Splashed by a jelly's acid (8 damage)
             ... on level 2 of the Dungeon.
             The game lasted 00:02:41 (2145 turns).

DungeonMaster the Trooper (Demonspawn Wanderer)     Turns: 2145, Time: 00:02:42

Health: -7/33      AC:  2    Str: 17    XL:     3   Next: 26%
Magic:  3/3        EV: 10    Int: 10    God:
Gold:   121        SH:  3    Dex: 12    Spells: 2/2 levels left

rFire   . . .      SeeInvis .   a - +4 dagger
rCold   . . .      Faith    .   m - +0 buckler
rNeg    . . .      Spirit   .   l - +0 ring mail
rPois   .          Reflect  .   (no helmet)
rElec   .          Harm     .   o - +0 cloak
rCorr   .          Rampage  .   (no gloves)
Will    .....                   (no boots)
Stlth   +.........              (no amulet)
HPRegen 0.11/turn               (no ring)
MPRegen 0.08/turn               (no ring)

@: corroded
A: demonic magic 1
a: no special abilities


You were on level 2 of the Dungeon.
You visited 1 branch of the dungeon, and saw 2 of its levels.

You collected 121 gold pieces.

Inventory:

Hand Weapons
 a - a +4 dagger (weapon)
Missiles
 b - 2 curare-tipped darts (quivered)
 g - 26 stones
Armour
 l - a +0 ring mail (worn)
 m - a +0 buckler (worn)
 o - a +0 cloak (worn)
Jewellery
 e - a ring of magical power
 i - a ring of fire
Scrolls
 d - a scroll of fear
Potions
 c - 4 potions of curing {unknown}
 f - a potion of lignification {unknown}
 h - a potion of might {unknown}
 j - a potion of mutation {unknown}
 k - 2 potions of heal wounds {unknown}


   Skills:
 - Level 5.0 Fighting
 - Level 1.0 Long Blades
 - Level 2.6 Throwing
 * Level 1.5 Armour
 * Level 2.2 Dodging
 * Level 0.3 Shields


You had 2 spell levels left.
You didn't know any spells.
Your spell library was empty.

Dungeon Overview and Level Annotations

Branches:
Dungeon (2/15)

Altars:


Innate Abilities, Weirdness & Mutations

Spells you cast may paralyse adjacent enemies.


Message History

The endoplasm jiggles.
The endoplasm attacks as you move away!
The endoplasm hits you but does no damage.
The endoplasm attacks as you move away! The endoplasm hits you.
The endoplasm attacks as you move away!
The endoplasm hits you but does no damage.
The endoplasm attacks as you move away! The endoplasm closely misses you.
The endoplasm attacks as you move away! The endoplasm barely misses you.
The endoplasm attacks as you move away!
The endoplasm hits you but does no damage.
The endoplasm attacks as you move away! You block the endoplasm's attack.
The endoplasm jiggles.
Items here: ))))))) ÷÷÷÷.
You puncture the endoplasm!
You kill the endoplasm!
You hit the endoplasm.
The endoplasm is moderately wounded.
The endoplasm freezes you.
You are frozen.
You puncture the endoplasm!
You kill the endoplasm!
Items here: ))))))) ÷÷÷÷.
You hit the jelly.
Your hands burn!
The jelly is lightly wounded.
The jelly closely misses you. The endoplasm hits you.
You hit the jelly. The acid corrodes you!
Your hands burn!
The jelly is moderately wounded.
The jelly barely misses you. The endoplasm freezes you.
You are frozen.
You hit the jelly.
Your hands burn!
The jelly is heavily wounded.
The jelly hits you.
You are splashed with acid!
* * * LOW HITPOINT WARNING * * *
The endoplasm barely misses you. The endoplasm attacks as you move away!
The endoplasm barely misses you. The jelly attacks as you move away!
The jelly hits you.
* * * LOW HITPOINT WARNING * * *
You are splashed with acid!
You die...

..##.......#J#.÷....####.# ##.#.
..###......##J.J.JP.##.#.### #.#.
..############......##.....###.##
...####### *########..##.......
......#..### ##...###...<
.........#.# ###.# ##...
......##...####### #.# ##..
....####.#...JJJ.## #.## #..
.....#........##@.## #..# #.#
.....#.#......#8..8### ##.####.#
.......#........>...÷### #...##..
......##............÷..#####†####
......###.....#8).8###.....#.....
.....###......##..## #####.#####.
...### #.......#### #....... ####
#.......# #######. ##.....## #.


You could see a jelly and 2 endoplasms.

Vanquished Creatures
  2 dart slugs (D:1)
  2 ball pythons
  3 bats
  4 endoplasms
  A giant cockroach (D:2)
  5 goblins
  3 hobgoblins
  A frilled lizard (D:2)
  8 kobolds (D:2)
  5 rats
34 creatures vanquished.

Vanquished Creatures (others)
  6 fungi (D:2)
  10 toadstools (D:2)
16 creatures vanquished.

Grand Total: 50 creatures vanquished

Notes
Turn   | Place    | Note
-------+----------+-------------------------------------------
     0 | D:1      | DungeonMaster the Demonspawn Wanderer began the quest for
                  | the Orb.
     0 | D:1      | DungeonMaster set off with the following items: a +3
                  | dagger, 2 curare-tipped darts, a +0 falchion, a scroll of
                  | fear, a +0 leather armour.
     0 | D:1      | Reached XP level 1. HP: 21/21 MP: 1/1
    37 | D:1      | Reached skill level 1 in Dodging
   484 | D:1      | Gained mutation: Spells you cast may paralyse adjacent
                  | enemies. [demonic ancestry]
   484 | D:1      | Reached XP level 2. HP: 20/27 MP: 2/2
  1551 | D:2      | Found a faded altar of an unknown god.
  1750 | D:2      | Reached XP level 3. HP: 33/33 MP: 3/3
  2145 | D:2      | HP: 1/33 [jelly (3)]
  2145 | D:2      | Splashed by a jelly's acid

Illustrated notes

Levels and vault maps discovered:
D:1:      zelgadis_glass_arrival_small, layout_basic
D:2:      cheibrodos_fertilizer, layout_rooms,
          shapermc_ecumenical_altar_mp_ritualfount, st_stairs_6,
          minmay_goblin_kobold_house

Skill      XL: |  1  2 |
---------------+-------+-----
Dodging        | 1 2 |  2.2
Fighting       | |  5.0
Long Blades    | |  1.0
Throwing       | |  2.6
Armour         | |  1.5
Shields        | |  0.3

Action                   || total
-------------------------++-------
Melee: Dagger            ||    96
  Use: Scroll            ||     4
Armor: Leather armour    ||     7
       Ring mail         ||    27
Dodge: Dodged            ||    58
Block: Buckler           ||     6

Table legend: (Time is in decaauts)
 A = Elapsed time spent in this place.
 B = Non-inter-level travel time spent in this place.
 C = Inter-level travel time spent in this place.
 D = Time resting spent in this place.
 E = Time spent auto-exploring this place.
 F = Levels seen in this place.
 G = Mean time per level.
                   A        B        C        D        E       F      G
               +--------+--------+--------+--------+--------+-----+--------+
         Total |   2145 |   2084 |     61 |    386 |   1376 |   2 | 1072.5 |
       Dungeon |   2145 |   2084 |     61 |    386 |   1376 |   2 | 1072.5 |
               +--------+--------+--------+--------+--------+-----+--------+

Top non-repeatable levels by time:
     D:1: 1384 daAuts
     D:2: 761 daAuts
